 Dungeon Crawl Stone Soup version 0.20-a0-553-g9f38e11 (console) character file.

91 nht the Ruffian (level 4, 0/35 HPs)
             Began as a Draconian Transmuter on Feb 3, 2017.
             Slain by a worm (12 damage)
             ... on level 3 of the Dungeon.
             The game lasted 00:02:01 (1630 turns).

nht the Ruffian (Draconian Transmuter)              Turns: 1630, Time: 00:02:02

Health: 0/35       AC:  2    Str: 13    XL:     4   Next: 33%
Magic:  2/7        EV: 19    Int: 14    God:
Gold:   153        SH:  0    Dex: 16    Spells: 4/7 levels left

rFire    . . .     SeeInvis +     - Unarmed
rCold    . . .     Gourm    .   (armour unavailable)
rNeg     . . .     Faith    .   (shield currently unavailable)
rPois    x         Spirit   .   (helmet currently unavailable)
rElec    .         Reflect  .   (cloak currently unavailable)
rCorr    .         Harm     .   (gloves currently unavailable)
MR       .....                  (boots currently unavailable)
Stlth    +.........             (no amulet)
Regen    0.2/turn               (no ring)
                                l - ring of see invisible

@: spider-form
A: unfitting armour, (cold-blooded), AC +5
a: End Transformation


You were on level 3 of the Dungeon.
You were hungry.
You were a venomous arachnid creature.
You visited 1 branch of the dungeon, and saw 3 of its levels.

You collected 153 gold pieces.

Inventory:

Missiles
 a - 12 arrows
Jewellery
 l - a ring of see invisible (left front leg)
Scrolls
 e - 2 scrolls of remove curse
 g - a scroll of noise
 i - a scroll of identify
Potions
 f - a potion of lignification
 h - 2 potions of ambrosia {unknown}
 j - a potion of heal wounds {unknown}
 k - a potion of brilliance {unknown}
Books
 b - a book of Changes

   Spells                             Type                      Level
   a - Beastly Appendage              Transmutation                1
   b - Sticks to Snakes               Transmutation                2
   c - Spider Form                    Transmutation/Poison         3
   d - Ice Form                       Ice/Transmutation            4
   e - Blade Hands                    Transmutation                5
Comestibles
 c - 3 bread rations
 d - a royal jelly
 m - 4 chunks of flesh
 n - 2 meat rations


   Skills:
 - Level 1.1 Fighting
 - Level 1.7 Dodging
 * Level 4.6 Unarmed Combat
 - Level 2.0 Spellcasting
 + Level 2.9 Transmutations


You had 4 spell levels left.
You knew the following spells:

 Your Spells              Type           Power        Failure   Level  Hunger
b - Spider Form           Tmut/Pois      #.........   69%         3    ####...


Dungeon Overview and Level Annotations

Branches:
Dungeon (3/15)

Altars:


Innate Abilities, Weirdness & Mutations

((Your plain brown scales are hard. (AC +5)))
You cannot fit into any form of body armour.
((You are cold-blooded and may be slowed by cold attacks.))


Message History

The worm closely misses you.
You hit the worm.
The worm is moderately wounded.
You hit the worm.
The worm is poisoned.
The worm is severely wounded.
The worm bites you!
You hit the worm.
The worm is almost dead.
Your transformation has ended.
You hit the worm.
You kill the worm!
Casting: Spider Form
Confirm with . or Enter, or press ? or * to list all spells.
You turn into a venomous arachnid creature.
You bite the worm!
The worm is poisoned.
The worm is heavily wounded.
You hit the worm but do no damage.
The worm is heavily wounded.
The worm bites you!
You die...

█>..███..≈≈≈≈≈. █.█.█
█.≈≈≈≈≈≈. █..█<█ █.≈≈≈≈≈≈.
! █.██.█ █..≈≈≈≈.. ..█ ..
█.█ █...≈≈≈P. ... ███ █.█
█..≈≈≈≈.. .. █.███...≈≈≈≈.
$████.█████████.██....≈≈≈≈.
..........sw.........≈≈≈≈≈.
███████████████.███..≈≈≈≈≈.
█.███..≈≈≈≈≈P █.....≈≈≈≈≈≈.
█..█....P≈≈≈≈ █..█...≈≈≈≈≈≈
█...███.P≈≈≈≈P >...██
.≈≈≈≈≈≈ ..██.█ .g≈≈≈≈≈


You could see a worm.

Vanquished Creatures
  3 adders
  A gnoll (D:3)
  3 worms
  A dart slug (D:1)
  3 bats
  3 giant cockroaches
  6 goblins
  8 hobgoblins
  4 kobolds
  2 quokkas (D:2)
  3 frilled lizards
  4 rats
41 creatures vanquished.

Notes
Turn   | Place    | Note
-------+----------+-------------------------------------------
     0 | D:1      | nht the Draconian Transmuter began the quest for the Orb.
     0 | D:1      | Reached XP level 1. HP: 16/16 MP: 3/3
   393 | D:1      | Reached XP level 2. HP: 23/23 MP: 5/5
   857 | D:2      | Reached skill level 4 in Unarmed Combat
   857 | D:2      | Reached XP level 3. HP: 25/28 MP: 6/6
  1337 | D:2      | Learned a level 3 spell: Spider Form
  1376 | D:3      | Reached XP level 4. HP: 23/35 MP: 4/7
  1630 | D:3      | Slain by a worm

Vault maps used:
D:1:      scummos_arrival_forest
D:3:      kiku_gazebo_pond_becter, lemuel_coloured_pillars_altar,
          chequers_big_river

Skill      XL: |  1  2 |
---------------+-------+-----
Unarmed Combat | 4 |  4.6
Fighting       | |  1.1
Dodging        | |  1.7
Spellcasting   | |  2.0
Transmutations | |  2.9

Action                   |  1- 3 |  4- 6 || total
-------------------------+-------+-------++-------
Melee: Unarmed           |   114 |    50 ||   164
       Tailslap          |    18 |     2 ||    20
       Punch             |     2 |     1 ||     3
       Kick              |     3 |       ||     3
 Cast: Beastly Appendage |     1 |       ||     1
       Spider Form       |       |     2 ||     2
  Use: Scroll            |     7 |       ||     7
  Eat: Chunk             |     1 |     1 ||     2
Armor: Skin              |    23 |    33 ||    56
Dodge: Dodged            |    53 |    48 ||   101
